Map: Automaton LE

Players

IIIIIIIIIIII

  • Race: Protoss Protoss
  • League: Master
  • Spawn Location: 3:00

Lambo - Winner!

  • Race: Zerg Zerg
  • League: Grandmaster
  • Spawn Location: 9:00

VOD

Have the link to the VOD?

Description

Time

  • Played on: Dec. 16, 2018, 9:11 a.m.
  • Length: 19:37
Show
View Real Time Build Order
Export as new Build Order

IIIIIIIIIIII Protoss 

Build Orders: 1 Gate Expand, Oracle Opening, Phoenix Opening, Archon Immortal, Carriers, Mass Phoenix 

Get SALT Encoding   

  12  0:01  Probe  
  13  0:13  Probe  
  14  0:19  Pylon  
  14  0:22  Probe  
  15  0:33  Probe  
  15  0:39  Gateway  
  16  0:44  Probe  
  16  0:48  Assimilator  
  17  0:56  Probe  
  18  1:08  Probe  
  19  1:22  Nexus  
  19  1:25  Probe  
  20  1:35  Cybernetics Core  
  20  1:38  Probe  
  21  1:45  Assimilator  
  21  1:50  Probe  
  21  1:53  Pylon  
  22  2:02  Probe  
  22  2:03  Adept  
  23  2:10  Probe  
  26  2:18  Probe  
  27  2:25  Stargate  
  27  2:29  Probe, Adept  
  27  2:30  Probe  
  31  2:38  Probe  
  31  2:40  Warp Gate  
  31  2:41  Probe  
  33  2:48  Probe  
  34  2:53  Probe  
  35  3:00  Probe  
  35  3:03  Phoenix  
  37  3:05  Gateway, Probe  
  39  3:16  Probe  
  39  3:17  Probe  
  39  3:18  Oracle  
  41  3:20  Assimilator  
  41  3:21  Pylon  
  41  3:29  Probe  
  41  3:30  Probe  
  46  3:36  Assimilator  
  46  3:41  Probe  
  46  3:43  Probe  
  46  3:47  Pylon  
  48  3:51  Stargate  
  48  3:53  Probe  
  48  3:55  Probe  
  50  3:57  Phoenix  
  50  4:05  Probe  
  50  4:07  Probe  
  54  4:16  Pylon  
  54  4:17  Probe, Phoenix  
  54  4:19  Probe  
  58  4:29  Probe  
  59  4:33  Phoenix  
  59  4:34  Probe, Phoenix  
  62  4:38  Pylon  
  62  4:43  Zealot x2  
  68  4:54  Nexus  
  68  4:58  Phoenix  
  70  5:00  Phoenix  
  72  5:07  Pylon  
  72  5:10  Pylon  
  72  5:13  Probe x2  
  74  5:18  Phoenix  
  74  5:23  Phoenix  
  78  5:29  Probe  
  78  5:30  Probe, Shield Battery  
  80  5:38  Robotics Facility  
  80  5:41  Robotics Facility  
  80  5:43  Probe  
  80  5:45  Probe  
  82  5:51  Phoenix  
  86  5:58  Probe, Phoenix  
  86  5:59  Probe  
  88  6:09  Probe  
  88  6:10  Probe x2  
  91  6:16  Twilight Council  
  91  6:17  Probe, Forge  
  91  6:18  Probe  
  91  6:19  Sentry, Zealot  
  91  6:20  Immortal  
  91  6:22  Probe  
  98  6:25  Probe  
  98  6:27  Probe  
  98  6:29  Protoss Ground Weapons Level 1  
  103  6:35  Probe  
  103  6:39  Immortal  
  109  6:42  Probe  
  109  6:43  Pylon  
  109  6:45  Pylon  
  109  6:46  Assimilator  
  109  6:50  Assimilator  
  109  6:52  Gateway  
  109  6:55  Immortal  
  109  6:56  Gateway  
  109  6:57  Charge  
  109  7:02  Probe x2  
  109  7:06  Probe  
  116  7:12  Templar Archives  
  116  7:14  Gateway  
  116  7:19  Immortal  
  120  7:27  Gateway  
  120  7:29  Gateway  
  120  7:34  Gateway  
  120  7:37  Probe  
  121  7:38  Probe, Immortal  
  121  7:40  Probe  
  116  7:46  Psionic Storm  
  116  7:49  Probe  
  116  7:51  Probe, Pylon  
  122  7:52  Probe  
  123  7:59  High Templar  
  123  8:03  Pylon  
  125  8:06  Pylon  
  125  8:08  Photon Cannon  
  125  8:09  Probe  
  125  8:11  Photon Cannon  
  126  8:13  Probe, Shield Battery  
  126  8:14  Probe  
  126  8:22  Immortal  
  126  8:23  High Templar x3  
  126  8:25  High Templar  
  135  8:30  Warp Prism  
  140  8:36  Protoss Ground Weapons Level 2  
  140  8:40  Pylon  
  140  8:41  Zealot x4  
  148  8:49  Pylon  
  148  8:52  Pylon x2  
  146  9:07  High Templar x2  
  146  9:08  Zealot x5  
  146  9:09  Zealot  
  162  9:12  Archon  
  162  9:18  Observer  
  162  9:21  Nexus  
  163  9:28  Shield Battery  
  162  9:31  Probe x2  
  162  9:32  Probe  
  162  9:33  High Templar x2  
  162  9:37  Archon, High Templar  
  170  9:42  Photon Cannon  
  170  9:43  Shield Battery x2  
  170  9:47  Fleet Beacon  
  166  10:16  Protoss Air Weapons Level 1  
  166  10:18  Zealot x3  
  166  10:19  Zealot x4  
  176  10:21  Probe  
  176  10:22  Probe x2  
  176  10:24  Carrier x2  
  156  10:28  Zealot  
  156  10:33  Probe  
  156  10:34  Probe x2  
  171  10:43  Probe  
  172  10:56  Stalker  
  174  10:57  Stalker x2  
  174  11:03  Probe  
  153  11:11  Probe  
  153  11:12  Probe  
  155  11:23  Carrier, Probe  
  155  11:25  Carrier, Zealot x6  
  162  11:26  Probe x2  
  162  11:27  Probe  
  152  11:35  Probe  
  152  11:38  Probe x2  
  152  11:39  Probe  
  145  11:40  Protoss Air Weapons Level 2  
  157  11:47  Probe  
  157  11:50  Probe x2  
  157  11:51  Probe  
  161  11:55  High Templar x2  
  161  11:58  Probe x2  
  161  11:59  Probe, Archon  
  166  12:06  Probe  
  166  12:07  High Templar  
  168  12:09  High Templar  
  168  12:14  Probe  
  167  12:16  Probe  
  161  12:22  Probe  
  161  12:24  Probe  
  161  12:29  Probe  
  161  12:38  Zealot  
  155  12:44  Zealot x3  
  155  12:45  Zealot x2  
  163  12:51  Probe  
  163  12:52  Probe, Carrier x2  
  165  13:09  Stargate  
  165  13:12  High Templar x2  
  179  13:16  Protoss Shields Level 1  
  179  13:17  Archon  
  179  13:18  High Templar  
  179  13:19  Zealot x2  
  187  13:32  Assimilator  
  185  13:36  Assimilator  
  185  13:39  Pylon  
  185  13:45  Carrier  
  185  13:54  Carrier  
  187  14:00  Zealot x3  
  199  14:05  Photon Cannon  
  199  14:08  Photon Cannon  
  183  14:10  Probe  
  183  14:12  Probe  
  183  14:13  Probe  
  172  14:18  Probe  
  172  14:23  Protoss Air Weapons Level 3  
  173  14:25  Probe x2  
  173  14:28  Probe, Shield Battery  
  173  14:29  Probe  
  176  14:37  Probe  
  177  14:38  Anion Pulse-Crystals  
  177  14:41  High Templar  
  177  14:42  High Templar x3  
  177  14:43  Sentry  
  187  14:45  Archon  
  187  14:46  Archon  
  187  14:50  Zealot  
  187  14:51  Probe  
  190  14:53  Probe  
  190  14:56  Probe  
  190  14:58  Zealot  
  194  15:06  Observer  
  194  15:09  Observer  
  194  15:14  Protoss Shields Level 2  
  190  15:27  Tempest x2  
  189  16:05  Tempest  
  189  16:06  Tempest  
  189  16:09  Oracle  
  163  16:36  Zealot x4  
  163  16:37  Zealot x4  
  179  16:43  Tempest  
  172  16:56  Nexus  
  172  16:59  Tempest x2  
  145  17:29  Void Ray x2  
  148  17:31  Void Ray  
  148  17:39  High Templar  
  148  17:40  High Templar x2  
  160  18:01  Void Ray  
  160  18:03  Pylon  
  160  18:04  Zealot x5  
  160  18:18  Void Ray  
  160  18:19  Probe x2, Assimilator  
  163  18:23  Assimilator  
  163  18:31  Void Ray  
  170  18:36  Observer  
Show
View Real Time Build Order
Export as new Build Order

Lambo Zerg - Winner!

Build Orders: Hatch First, Brood Lord Corruptor 

Get SALT Encoding   

  12  0:00  Drone  
  13  0:13  Overlord  
  13  0:17  Drone  
  14  0:31  Drone x2  
  16  0:49  Hatchery  
  15  0:52  Drone  
  15  0:56  Drone  
  17  0:59  Drone  
  18  1:10  Extractor  
  17  1:15  Spawning Pool  
  17  1:18  Drone  
  17  1:21  Drone  
  18  1:30  Drone  
  19  1:40  Drone  
  20  1:51  Overlord  
  20  2:01  Queen x2  
  20  2:02  Zergling x4  
  26  2:11  Metabolic Boost  
  26  2:13  Drone  
  26  2:15  Drone  
  28  2:24  Drone x2  
  30  2:37  Hatchery  
  30  2:41  Drone x2  
  31  2:45  Drone  
  31  2:49  Overlord  
  32  2:55  Queen  
  34  2:59  Drone  
  34  3:04  Drone  
  35  3:10  Spore Crawler  
  35  3:11  Drone  
  35  3:15  Drone x4  
  39  3:21  Overlord  
  39  3:23  Drone x2  
  41  3:30  Overlord  
  41  3:33  Drone  
  42  3:38  Queen  
  42  3:39  Evolution Chamber  
  42  3:40  Drone x2  
  45  3:46  Spore Crawler  
  44  3:48  Drone  
  44  3:50  Drone x4  
  44  3:53  Spore Crawler  
  44  3:55  Drone  
  49  4:00  Queen  
  49  4:02  Drone  
  52  4:07  Drone, Zerg Melee Weapons Level 1  
  53  4:10  Drone  
  53  4:13  Overlord  
  53  4:14  Drone  
  55  4:17  Drone x2  
  55  4:21  Drone  
  57  4:26  Overlord  
  57  4:30  Overlord  
  59  4:31  Drone x2  
  59  4:36  Zergling x4  
  59  4:37  Zergling x2  
  62  4:44  Queen  
  62  4:45  Extractor  
  63  4:46  Lair, Drone x2  
  63  4:47  Extractor, Drone x3  
  67  4:53  Drone x4  
  67  4:59  Drone x3  
  74  5:04  Baneling Nest  
  74  5:05  Overlord  
  73  5:07  Drone  
  73  5:08  Drone  
  75  5:15  Drone x2  
  75  5:18  Overlord  
  77  5:25  Queen  
  77  5:27  Overlord x3  
  79  5:32  Extractor, Zergling x14  
  79  5:33  Extractor  
  84  5:38  Spore Crawler  
  84  5:42  Drone x5  
  88  5:43  Queen  
  88  5:45  Spore Crawler x2  
  88  5:49  Drone x2  
  90  5:54  Spore Crawler  
  90  5:55  Queen  
  90  5:56  Extractor  
  90  5:57  Hydralisk Den, Drone x2  
  90  6:00  Overlord  
  91  6:05  Zerg Melee Weapons Level 2  
  91  6:08  Drone x2  
  91  6:09  Drone x2  
  91  6:11  Drone  
  93  6:18  Hatchery, Drone  
  93  6:22  Centrifical Hooks  
  93  6:25  Drone  
  93  6:26  Grooved Spines  
  93  6:28  Drone x2  
  93  6:32  Overlord  
  92  6:44  Drone x3  
  95  6:48  Overseer  
  95  6:53  Hydralisk x7  
  109  7:10  Baneling x8  
  109  7:11  Drone x11  
  120  7:18  Hydralisk x3  
  124  7:33  Spore Crawler, Hydralisk x2  
  123  7:44  Drone x2  
  123  7:45  Drone x2  
  127  7:54  Overlord x2, Muscular Augments  
  127  8:00  Infestation Pit  
  127  8:01  Overlord x2  
  127  8:02  Hatchery  
  127  8:04  Overlord  
  125  8:06  Overlord  
  125  8:07  Overlord  
  125  8:08  Overlord x2  
  125  8:16  Overlord  
  125  8:17  Overlord x2  
  125  8:18  Drone  
  125  8:19  Hydralisk x8  
  139  8:21  Zergling x2  
  139  8:22  Zergling x6  
  143  8:35  Drone x12  
  143  8:38  Zerg Missile Weapons Level 1  
  143  8:39  Spore Crawler  
  143  8:41  Evolution Chamber, Hive  
  154  8:45  Overlord, Zergling x4  
  154  8:46  Pneumatized Carapace  
  155  8:50  Zergling x8  
  155  8:53  Spire  
  158  8:59  Hydralisk  
  158  9:00  Zergling x12  
  166  9:06  Zergling x12  
  166  9:09  Zerg Ground Armor Level 1  
  172  9:16  Queen, Extractor  
  173  9:18  Spore Crawler  
  173  9:20  Zergling x14  
  177  9:31  Extractor  
  176  9:40  Zergling x32  
  192  9:52  Baneling x9  
  191  9:54  Baneling x4  
  191  9:56  Zergling x16  
  191  9:57  Baneling  
  191  9:58  Baneling x19  
  199  10:02  Adrenal Glands  
  199  10:12  Overlord  
  190  10:23  Hydralisk  
  190  10:24  Zergling x32  
  196  10:30  Zergling x10  
  196  10:33  Greater Spire  
  200  10:37  Extractor  
  200  10:38  Extractor  
  200  10:39  Overlord  
  200  10:40  Zergling x4  
  200  10:41  Overlord  
  200  10:43  Baneling x10  
  200  10:49  Hatchery, Zergling x6  
  200  10:51  Zerg Missile Weapons Level 2  
  200  11:03  Zerg Melee Weapons Level 3  
  189  11:08  Baneling x10  
  189  11:09  Zergling x4  
  189  11:10  Zergling x28  
  193  11:33  Corruptor x3  
  196  11:48  Drone  
  196  11:49  Baneling x10  
  196  11:50  Overseer  
  196  11:53  Overseer  
  197  11:54  Zerg Flyer Weapons Level 1  
  197  11:55  Pathogen Glands  
  197  12:06  Overlord  
  185  12:15  Extractor  
  185  12:17  Corruptor x10  
  185  12:19  Spine Crawler  
  185  12:20  Extractor  
  185  12:21  Spine Crawler  
  188  12:27  Corruptor  
  176  12:32  Drone x3  
  176  12:33  Drone x3  
  172  12:50  Brood Lord x4  
  175  12:53  Spore Crawler  
  175  12:54  Spore Crawler, Drone x7  
  175  12:55  Spore Crawler, Drone x2  
  175  12:56  Brood Lord x4, Spore Crawler x3  
  175  12:57  Zergling x20  
  192  13:04  Brood Lord  
  192  13:05  Brood Lord  
  196  13:08  Drone x3  
  199  13:16  Baneling x2  
  199  13:20  Overseer  
  199  13:25  Overlord  
  199  13:32  Spire  
  197  13:49  Zerg Flyer Armor Level 1  
  197  13:51  Viper x2  
  197  13:54  Drone x5  
  197  13:55  Drone  
  194  14:11  Spore Crawler  
  194  14:13  Spore Crawler x2, Corruptor x9  
  194  14:14  Spore Crawler x4  
  194  14:15  Viper  
  186  14:29  Drone x2  
  186  14:30  Spine Crawler, Drone x2  
  189  14:33  Spine Crawler  
  189  14:35  Zerg Ground Armor Level 2  
  189  14:36  Zerg Missile Weapons Level 3  
  189  14:37  Spine Crawler  
  187  14:40  Spine Crawler  
  187  14:41  Spine Crawler, Drone  
  187  14:42  Spore Crawler, Drone  
  186  14:45  Viper  
  189  14:59  Lair  
  189  15:00  Overseer x2  
  189  15:01  Zerg Flyer Weapons Level 2  
  189  15:08  Corruptor x3  
  189  15:09  Corruptor  
  197  15:22  Corruptor  
  199  15:42  Spine Crawler  
  198  15:43  Spine Crawler  
  196  15:56  Unknown  
  190  16:23  Corruptor x5  
  192  16:42  Corruptor x2  
  192  16:43  Corruptor x2  
  190  16:58  Hatchery  
  190  17:00  Corruptor x9  
  188  17:09  Corruptor x5  
  181  17:23  Viper x4  
  181  17:28  Viper x2  
  183  17:32  Viper  
  179  17:41  Corruptor x8  
  185  17:48  Brood Lord  
  186  17:55  Overseer  
  186  17:56  Overseer  
  182  18:08  Hydralisk x3  
  188  18:19  Corruptor x2  
  192  18:48  Corruptor x2  
  192  18:49  Corruptor  
  196  19:22  Unknown x2  
  176  19:24  Unknown  
Tags
 
Add a new tag
Caveats
  • Supply blocks, unpowered buildings, or Contaminate may cause inaccurate times.
  • Supply counts are checked every 10 seconds.